 Dungeon Crawl Stone Soup version 0.29.1-15-g9cfb28693d (webtiles) character file.

Game seed: 187471990618457779

525 javelincjr the Magician (level 7, 0/51 HPs)
             Began as a Demonspawn Hedge Wizard on Apr 7, 2023.
             Was a Believer of Sif Muna.
             Slain by a gnoll bouda
             ... wielding a +0 club
              (8 damage)
             ... on level 4 of the Dungeon.
             The game lasted 00:18:09 (4988 turns).

javelincjr the Magician (Demonspawn Hedge Wizard)   Turns: 4988, Time: 00:18:10

Health: 0/51       AC:  3    Str: 12    XL:     7   Next: 2%
Magic:  11/13      EV: 12    Int: 16    God:    Sif Muna [**....]
Gold:   203        SH:  0    Dex: 12    Spells: 6/14 levels left

rFire   . . .      SeeInvis .   o - staff of conjuration
rCold   . . .      Faith    .   (no shield)
rNeg    . . .      Spirit   .   b - +0 robe
rPois   .          Reflect  .   c - +0 hat
rElec   .          Harm     .   t - +0 cloak
rCorr   .          Rampage  .   (no gloves)
Will    .....                   (no boots)
Stlth   ++........              (no amulet)
HPRegen 0.17/turn               (no ring)
MPRegen 0.13/turn               (no ring)

@: on blink cooldown
A: powered by death 2, demonic magic 1
a: Renounce Religion, Channel Magic


You were on level 4 of the Dungeon.
You worshipped Sif Muna.
Sif Muna was pleased with you.
You visited 1 branch of the dungeon, and saw 4 of its levels.

You collected 203 gold pieces.

Inventory:

Hand Weapons
 a - a +0 dagger
 n - a +2 vorpal mace
Armour
 b - a +0 robe (worn)
 c - a +0 hat (worn)
 r - a +3 ring mail of poison resistance
 t - a +0 cloak (worn)
 y - a +1 ring mail of cold resistance
Magical Staves
 l - a staff of fire
 o - a staff of conjuration (weapon)
Wands
 p - a wand of acid (7)
Scrolls
 e - 2 scrolls of noise {unknown}
 g - a scroll of immolation {unknown}
 h - a scroll of poison {unknown}
 j - 4 scrolls of identify {unknown}
 k - a scroll of amnesia {unknown}
 v - a scroll of brand weapon {unknown}
Potions
 f - 2 potions of mutation {unknown}
 i - 3 potions of might {unknown}
 m - 3 potions of curing {unknown}
 q - 5 potions of lignification {unknown}
 s - a potion of haste {unknown}
 u - 2 potions of heal wounds {unknown}
 w - a potion of degeneration {unknown}
 x - a potion of attraction {unknown}


   Skills:
 * Level 2.6 Fighting
 + Level 1.2 Staves
 + Level 1.7 Armour
 + Level 2.5 Dodging
 - Level 1.8 Stealth
 * Level 4.0 Spellcasting
 + Level 2.1 Conjurations
 + Level 2.1 Summonings
 + Level 2.0 Translocations
 + Level 1.0 Transmutations
 + Level 1.0 Fire Magic
 + Level 1.1 Poison Magic
 + Level 1.3 Invocations
 + Level 1.4 Evocations


You had 6 spell levels left.
You knew the following spells:

 Your Spells              Type           Power      Damage    Failure   Level
a - Magic Dart            Conj           60%        1d6       7%          1
b - Sting                 Tmut/Pois      24%        1d4       11%         1
c - Call Imp              Summ           10%        N/A       11%         2
d - Blink                 Tloc           18%        N/A       11%         2
e - Poisonous Vapours     Pois/Air       8%         N/A       21%         2

Your spell library contained the following spells:

 Spells                   Type           Power      Damage    Failure   Level
 Summon Small Mammal      Summ           40%        N/A       7%          1
 Apportation              Tloc           18%        N/A       8%          1
 Necrotise                Necr           12%        1d4       17%         1
 Slow                     Hex            12%        N/A       17%         1
 Call Canine Familiar     Summ           10%        N/A       22%         3
 Gell's Gravitas          Tloc           9%         N/A       22%         3
 Lesser Beckoning         Tloc           9%         N/A       22%         3
 Teleport Other           Tloc           9%         N/A       22%         3
 Conjure Flame            Conj/Fire      12%        6-21      26%         3
 Mephitic Cloud           Conj/Pois/Air  10%        N/A       32%         3
 Summon Guardian Golem    Hex/Summ       6%         N/A       32%         3
 Olgreb's Toxic Radiance  Pois           6%         N/A       71%         4


Dungeon Overview and Level Annotations

Branches:
Dungeon (4/15)             Temple (0/1) D:4

Altars:
Dithmenos
Sif Muna
Yredelemnul

Annotations:
D:4 3 runed translucent doors, cowcol's ghost, amateur MiFi


Innate Abilities, Weirdness & Mutations

You regenerate health from kills.
Spells you cast may paralyse adjacent enemies.


Message History

The gnoll is healed somewhat.
Casting: Magic Dart (safe; 7% risk of failure)
Confirm with . or Enter, or press ? or * to list all spells.
Aiming: Magic Dart (safe; 7% risk of failure)
Press: ? - help, Shift-Dir - straight line, f/p - gnoll
Aim: a gnoll, wielding a +0 club (moderately wounded, covering ground quickly, 100% to hit)
You feel a surge of power!
The magic dart hits the gnoll.
The gnoll is heavily wounded.
Malevolent energies surge around you. The gnoll barely misses you.
The gnoll bouda calls upon its god to heal the gnoll.
The gnoll is healed somewhat.
Casting: Magic Dart (safe; 7% risk of failure)
Confirm with . or Enter, or press ? or * to list all spells.
Aiming: Magic Dart (safe; 7% risk of failure)
Press: ? - help, Shift-Dir - straight line, f/p - gnoll
Aim: a gnoll, wielding a +0 club (lightly wounded, covering ground quickly, 100% to hit)
You feel a surge of power!
The magic dart hits the gnoll.
The gnoll is moderately wounded.
Malevolent energies surge around you.
The gnoll bouda calls upon its god to heal the gnoll.
The gnoll's wounds heal themselves!
The gnoll hits you with a +0 club.
* * * LOW HITPOINT WARNING * * *
The gnoll bouda barks out a call to the hunt!
You hear a shout!
Okay, then.
Magic courses through your body. The gnoll closely misses you.
Casting: Magic Dart (safe; 7% risk of failure)
Confirm with . or Enter, or press ? or * to list all spells.
You blink.
Malevolent energies surge around you.
The orc suddenly stops moving!
The helpless orc fails to defend itself.
You hit the orc.
The orc is severely wounded.
The gnoll hits you with a +0 club.
* * * LOW HITPOINT WARNING * * *
The gnoll bouda closely misses you. The gnoll hits you with a +0 flail.
* * * LOW HITPOINT WARNING * * *
The gnoll bouda attacks as you move away!
The gnoll bouda hits you with a +0 club!
You die...

#### ##.....##.########)######
.. ........)...)............ ~~~
~~~≈≈≈~....~≈~≈~≈≈~~~~~~~ ≈~≈
≈≈≈≈≈≈≈.)..~≈≈≈≈≈≈≈≈~≈≈≈≈ ###
~≈~~~~~....~~~~~~~≈~~~~## ..#
.......................#
..#############'')'#############
#'#...........#gog.#.....
#)'.....g..o..og@..'.....
#)#...........#....#.....
#.#######################
#.)....#.+.......
#..g.§.#$#o......
#.###g##!#go... #.#.oo.# #.go
#.#..o.###o######
#'#....g..g.....#


You could see a gnoll bouda, 2 gnolls and 3 orcs.

Vanquished Creatures
  A scorpion (D:4)
  A hound (D:4)
  Jessica (D:3)
  Terence (D:2)
  5 adders
  3 gnolls (D:4)
  4 worms
  A dart slug (D:1)
  11 orcs (D:4)
  8 endoplasms
  3 giant cockroaches
  4 goblins
  6 hobgoblins
  7 jackals
  4 kobolds
  2 quokkas
  4 ball pythons
  2 bats
  2 frilled lizards
  3 rats
73 creatures vanquished.

Vanquished Creatures (collateral kills)
  Grinder (D:4)
  A gnoll (D:4)
  4 orcs (D:4)
  An endoplasm (D:3)
  A jackal (D:4)
8 creatures vanquished.

Vanquished Creatures (others)
  A fungus (D:1)
  7 plants
8 creatures vanquished.

Grand Total: 89 creatures vanquished

Notes
Turn   | Place    | Note
-------+----------+-------------------------------------------
     0 | D:1      | javelincjr the Demonspawn Hedge Wizard began the quest for
                  | the Orb.
     0 | D:1      | Reached XP level 1. HP: 13/13 MP: 4/4
   135 | D:1      | Found a faded altar of an unknown god.
   140 | D:1      | Prayed at the altar of an unknown god.
   140 | D:1      | Became a worshipper of Sif Muna the Loreminder
   140 | D:1      | Reached * piety under Sif Muna
   143 | D:1      | Learned a level 1 spell: Sting
   302 | D:1      | Reached skill level 1 in Translocations
   443 | D:1      | Gained mutation: You regenerate a little health from kills.
                  | [demonic ancestry]
   443 | D:1      | Reached XP level 2. HP: 7/20 MP: 0/6
  1202 | D:2      | Reached XP level 3. HP: 25/25 MP: 1/7
  1419 | D:2      | Noticed Terence
  1434 | D:2      | Killed Terence
  1435 | D:2      | Reached skill level 1 in Fighting
  1772 | D:2      | Gained mutation: You regenerate health from kills. [demonic
                  | ancestry]
  1772 | D:2      | Reached XP level 4. HP: 32/32 MP: 1/9
  3016 | D:3      | Noticed Jessica
  3019 | D:3      | Killed Jessica
  3020 | D:3      | Reached skill level 1 in Armour
  3020 | D:3      | Reached XP level 5. HP: 35/38 MP: 6/10
  3114 | D:3      | Learned a level 2 spell: Call Imp
  3117 | D:3      | Learned a level 2 spell: Blink
  3120 | D:3      | Learned a level 2 spell: Poisonous Vapours
  3386 | D:3      | Found a shadowy altar of Dithmenos.
  3387 | D:3      | Found a basalt altar of Yredelemnul.
  3805 | D:4      | Noticed an ice beast
  3985 | D:4      | Reached skill level 1 in Evocations
  4204 | D:4      | Found a staircase to the Ecumenical Temple.
  4393 | D:4      | Noticed cowcol's ghost (amateur MiFi)
  4441 | D:4      | Reached ** piety under Sif Muna
  4571 | D:4      | Gained mutation: Spells you cast may paralyse adjacent
                  | enemies. [demonic ancestry]
  4571 | D:4      | Reached XP level 6. HP: 44/44 MP: 8/11
  4604 | D:4      | Found a runed translucent gate.
  4604 | D:4      | Found a runed translucent gate.
  4604 | D:4      | Found a runed translucent gate.
  4616 | D:4      | Noticed Grinder
  4661 | D:4      | Killed Grinder
  4662 | D:4      | Reached skill level 1 in Staves
  4662 | D:4      | Reached skill level 1 in Fire Magic
  4662 | D:4      | Reached skill level 1 in Poison Magic
  4662 | D:4      | Reached skill level 1 in Invocations
  4691 | D:4      | Reached skill level 4 in Spellcasting
  4919 | D:4      | Reached skill level 1 in Transmutations
  4925 | D:4      | Reached XP level 7. HP: 51/51 MP: 8/13
  4988 | D:4      | Slain by a gnoll bouda

Illustrated notes

Levels and vault maps discovered:
D:1:      eino_arrival_water_cross, layout_loops_ring,
          shapermc_ecumenical_altar_acropolis
D:2:      layout_basic, uniq_terence
D:3:      layout_rooms, nicolae_overflow_squiral, uniq_jessica
D:4:      lemuel_castle_with_subvaults [lemuel_castle_interior_carwin_1],
          layout_loops_ring, mainiacjoe_overflow_alcove_1,
          minmay_temple_entry_statues_pillars, gammafunk_ghost_icy,
          minmay_misc_feat_secret_circle, minmay_increasing_density,
          uniq_grinder

Skill      XL: |  1  2  3  4  5  6 |
---------------+-------------------+-----
Translocations | 1 2 |  2.0
Dodging        | 2 |  2.5
Fighting       | 1 2 |  2.6
Armour         | 1 |  1.7
Evocations     | 1 |  1.4
Staves         | 1 |  1.2
Conjurations   | 2 |  2.1
Summonings     | 2 |  2.1
Fire Magic     | 1 |  1.0
Poison Magic   | 1 |  1.1
Invocations    | 1 |  1.3
Spellcasting   | 4 |  4.0
Transmutations | 1 |  1.0
Stealth        | |  1.8

Action                   |  1- 3 |  4- 6 |  7- 9 || total
-------------------------+-------+-------+-------++-------
Melee: Dagger            |    14 |       |       ||    14
       Mace              |    16 |     3 |       ||    19
       Staff             |       |    39 |    11 ||    50
 Cast: Magic Dart        |    43 |   108 |    12 ||   163
       Sting             |    24 |    27 |       ||    51
       Call Imp          |       |    10 |     2 ||    12
       Poisonous Vapours |       |     6 |       ||     6
       Blink             |       |       |     1 ||     1
  Use: Potion            |       |     1 |     1 ||     2
 Stab: Paralysed         |       |     9 |     8 ||    17
Armor: Robe              |    20 |    10 |       ||    30
Dodge: Dodged            |    31 |    33 |    11 ||    75
